Map: [ESL] Inside and Out

Players

ByuN - Winner!

  • Race: Terran Terran
  • Spawn Location: 1:00

trigger

  • Race: Protoss Protoss
  • Spawn Location: 7:00

Event: DreamHack SC2 Masters 2022 Valencia

VOD

Have the link to the VOD?

Description

Time

  • Played on: July 2, 2022, 3:44 a.m.
  • Length: 7:10

All games in this series

Show
View Real Time Build Order
Export as new Build Order

ByuN Terran - Winner!

Build Orders: Cyclone Opening 

Get SALT Encoding   

  12  0:00  SCV  
  13  0:12  SCV  
  14  0:17  Supply Depot  
  14  0:24  SCV  
  15  0:38  SCV  
  15  0:40  Barracks  
  15  0:42  Refinery  
  16  0:50  SCV  
  16  0:52  Refinery  
  17  1:02  SCV  
  18  1:14  SCV  
  19  1:26  Reaper  
  19  1:27  Orbital Command  
  20  1:39  Factory  
  20  1:41  Supply Depot  
  20  1:52  SCV  
  21  1:59  Reaper  
  22  2:04  SCV  
  23  2:16  SCV  
  24  2:23  Command Center  
  24  2:25  Factory Tech Lab  
  24  2:28  SCV  
  25  2:41  SCV, Supply Depot  
  25  2:43  Cyclone  
  25  2:44  Barracks Reactor  
  29  2:53  SCV  
  30  2:58  Barracks  
  30  3:05  SCV  
  30  3:15  Cyclone  
  30  3:17  SCV  
  34  3:20  Marine x2  
  36  3:29  SCV  
  37  3:36  Orbital Command  
  37  3:38  Marine x2  
  39  3:42  SCV  
  39  3:47  Barracks Tech Lab  
  40  3:50  Engineering Bay  
  40  3:54  SCV  
  40  3:56  Barracks, Marine x2  
  42  4:06  SCV x2  
  42  4:07  Marine  
  45  4:13  Bunker, Marine  
  45  4:14  Marine, Stimpack  
  47  4:20  SCV x2  
  49  4:25  Supply Depot  
  49  4:30  Missile Turret  
  49  4:32  SCV  
  49  4:35  SCV  
  49  4:37  Marine  
  51  4:39  Marine  
  51  4:42  Marine  
  51  4:45  Combat Shield  
  53  4:52  Terran Infantry Weapons Level 1  
  54  4:54  SCV  
  54  4:55  SCV  
  55  5:00  Marine x2  
  55  5:05  Marine x2  
  59  5:08  Starport  
  59  5:09  Factory Reactor  
  59  5:11  SCV  
  60  5:14  SCV  
  60  5:19  Refinery  
  60  5:24  SCV, Supply Depot  
  60  5:26  SCV  
  62  5:38  Supply Depot  
  62  5:46  SCV x2, Marine x2, Marauder x2  
  70  5:51  Factory Reactor, Supply Depot  
  69  5:58  SCV  
  69  6:00  SCV, Medivac x2  
  75  6:05  Supply Depot  
  75  6:07  Marine x2  
  75  6:10  SCV  
  78  6:12  SCV  
  78  6:14  Marauder x2  
  77  6:26  Marine x2  
  77  6:29  Medivac x2  
  83  6:35  Refinery, Marauder  
  83  6:36  Marauder  
  83  6:38  Supply Depot  
  88  6:40  Widow Mine x2  
  88  6:45  SCV  
  88  6:46  SCV  
  92  6:52  Marine  
Show
View Real Time Build Order
Export as new Build Order

trigger Protoss 

Build Orders: Dark Templar Rush 

Get SALT Encoding   

  12  0:00  Probe  
  13  0:12  Probe  
  14  0:17  Pylon  
  14  0:24  Probe (Chrono Boost)  
  16  0:36  Probe (Chrono Boost), Gateway  
  16  0:42  Probe (Chrono Boost)  
  16  0:44  Assimilator  
  17  0:51  Probe  
  17  0:53  Assimilator  
  18  1:03  Probe (Chrono Boost)  
  19  1:13  Probe (Chrono Boost)  
  19  1:18  Probe (Chrono Boost)  
  20  1:23  Cybernetics Core  
  20  1:25  Pylon  
  21  1:29  Probe  
  22  1:41  Probe  
  23  1:53  Probe  
  24  2:00  Twilight Council  
  24  2:01  Adept (Chrono Boost)  
  24  2:02  Warp Gate  
  26  2:17  Nexus  
  25  2:30  Adept (Chrono Boost)  
  27  2:37  Dark Shrine  
  27  2:42  Pylon  
  27  2:50  Probe  
  28  3:02  Probe  
  28  3:06  Pylon  
  27  3:14  Probe (Chrono Boost)  
  28  3:25  Probe (Chrono Boost), Gateway  
  29  3:30  Probe (Chrono Boost)  
  29  3:31  Probe (Chrono Boost)  
  31  3:42  Probe  
  31  3:43  Probe  
  32  3:54  Probe (Chrono Boost)  
  33  4:00  Probe (Chrono Boost), Blink (Chrono Boost)  
  33  4:05  Probe (Chrono Boost)  
  33  4:07  Dark Templar  
  33  4:09  Probe (Chrono Boost)  
  37  4:10  Probe (Chrono Boost)  
  38  4:19  Dark Templar  
  38  4:22  Probe  
  41  4:28  Probe (Chrono Boost)  
  40  4:34  Robotics Facility  
  39  4:40  Probe (Chrono Boost)  
  39  4:41  Dark Templar  
  39  4:42  Probe (Chrono Boost)  
  42  4:46  Pylon  
  42  4:48  Probe (Chrono Boost)  
  42  4:50  Probe (Chrono Boost)  
  44  4:58  Probe  
  45  5:02  Probe  
  45  5:05  Nexus  
  44  5:10  Probe  
  44  5:13  Stalker x2  
  49  5:17  Probe  
  49  5:20  Immortal (Chrono Boost)  
  46  5:22  Pylon  
  46  5:25  Probe  
  51  5:28  Assimilator  
  51  5:31  Probe  
  52  5:39  Stalker  
  52  5:40  Probe, Gateway  
  55  5:47  Gateway  
  55  5:51  Probe  
  57  5:57  Probe  
  57  5:58  Robotics Bay  
  57  5:59  Assimilator  
  57  6:03  Stalker, Pylon  
  59  6:05  Shield Battery  
  57  6:11  Probe  
  57  6:13  Probe  
  57  6:17  Probe  
  58  6:24  Probe  
  57  6:27  Stalker  
  57  6:28  Probe  
  57  6:31  Probe  
  61  6:34  Shield Battery  
  61  6:39  Sentry  
  63  6:42  Sentry  
  63  6:43  Probe, Gateway  
  63  6:46  Gateway, Shield Battery  
  66  6:51  Zealot  
  66  6:52  Probe  
  72  6:56  Probe  
  67  7:02  Zealot  
  65  7:09  Zealot  

Tags
 
Add a new tag
Caveats
  • Supply blocks, unpowered buildings, or Contaminate may cause inaccurate times.
  • Supply counts are checked every 10 seconds.